 Dungeon Crawl Stone Soup version 0.30.0-29-ga12c61a403 (webtiles) character file.

Game seed: 5904411460290976637

11818 Nicoed the Bludgeoner (level 11, -17/61 HPs)
             Began as a Gargoyle Fighter on June 22, 2023.
             Was a High Priest of Okawaru.
             Demolished by a frost giant
             ... wielding a +1 battleaxe of freezing
              (20 damage)
             ... on level 10 of the Dungeon.
             The game lasted 00:22:07 (9038 turns).

Nicoed the Bludgeoner (Gargoyle Fighter)            Turns: 9038, Time: 00:22:07

Health: -17/61     AC: 23    Str: 24    XL:     11   Next: 83%
Magic:  0/11       EV:  8    Int:  9    God:    Okawaru [*****.]
Gold:   173        SH:  5    Dex: 12    Spells: 10/10 levels left

rFire   + + .        P - +6 flail of Diet Blood {heavy, Dex+3}
rCold   + + .        c - +0 buckler
rNeg    + . .        i - +0 chain mail
rPois   ∞            (no helmet)
rElec   +            I - scarf {rC+ rF+}
rCorr   +            v - +2 pair of gloves
SInv    .            e - +2 pair of boots "Momikh" {rF+}
Will    .....        p - amulet of guardian spirit Stlth
                     y - ring of protection from cold
HPRegen 0.30/turn    G - ring of resist corrosion
MPRegen 0.12/turn

%: guardian spirit
@: mighty
A: sickness immunity, AC +8, negative energy resistance 1, electricity
resistance, torment resistance 1, petrification resistance
a: Renounce Religion, Heroism, Finesse, Duel


You were on level 10 of the Dungeon.
You worshipped Okawaru.
Okawaru was extremely pleased with you.
You visited 2 branches of the dungeon, and saw 11 of its levels.
You also visited: Sewer.

You collected 554 gold pieces.
You spent 381 gold pieces at shops.

Inventory:

Hand Weapons
 P - the +6 flail of Diet Blood (weapon) {heavy, Dex+3}
   (You bought it in a shop on level 8 of the Dungeon)

   Dex:       It affects your dexterity (+3).
Armour
 c - a +0 buckler (worn)
 e - the +2 pair of boots "Momikh" (worn) {rF+}
   (You acquired it on level 4 of the Dungeon)

   rF:        It protects you from fire.
 i - a +0 chain mail (worn)
 l - a +0 cloak
 v - a +2 pair of gloves (worn)
 I - a scarf of resistance (worn)
Jewellery
 p - an amulet of guardian spirit (around neck)
 u - a ring of ice
 y - a ring of protection from cold (left hand)
 G - a ring of resist corrosion (right hand)
Wands
 D - a wand of flame (17)
 F - a wand of roots (6)
 H - a wand of polymorph (10)
 K - a wand of acid (10)
Scrolls
 b - 2 scrolls of fog
 f - 2 scrolls of enchant weapon
 g - 3 scrolls of teleportation
 k - 2 scrolls of brand weapon
 n - 2 scrolls of magic mapping
 q - 2 scrolls of immolation
 r - 3 scrolls of blinking
 t - a scroll of amnesia {unknown}
 x - 2 scrolls of vulnerability {unknown}
 z - 2 scrolls of enchant armour
 A - 2 scrolls of fear {unknown}
 L - 2 scrolls of torment {unknown}
 M - 5 scrolls of poison {unknown}
 N - a scroll of silence
 Q - 2 scrolls of identify
Potions
 a - 5 potions of cancellation
 d - 2 potions of might
 h - a potion of degeneration
 m - 2 potions of haste
 o - 4 potions of lignification
 s - a potion of resistance
 w - a potion of invisibility
 B - a potion of attraction
 C - a potion of ambrosia
 E - a potion of curing
 J - a potion of brilliance


   Skills:
 - Level 4.0 Fighting
 + Level 17.8 Maces & Flails
 - Level 4.0 Armour
 - Level 4.0 Shields


You had 10 spell levels left.
You didn't know any spells.
Your spell library contained the following spells:

 Spells                   Type           Power      Damage    Failure   Level
 Apportation              Tloc           0%         N/A       95%         1
 Beastly Appendage        Tmut           0%         N/A       95%         1
 Necrotise                Necr           0%         1d4       95%         1
 Poisonous Vapours        Pois/Air       0%         N/A       99%         2
 Wereblood                Tmut           0%         N/A       99%         2
 Dazzling Flash           Conj/Hex       0%         N/A       100%        3
 Mephitic Cloud           Conj/Pois/Air  0%         N/A       100%        3
 Spider Form              Tmut/Pois      0%         N/A       100%        3
 Volatile Blastmotes      Fire/Tloc      0%         2d10      100%        3
 Iskenderun's Mystic Bla  Conj/Tloc      0%         2d3       100%        4
 Freezing Cloud           Conj/Ice/Air   0%         6-21      100%        5
 Starburst                Conj/Fire      0%         6d3       100%        6
 Summon Small Mammal      Summ           Unusable   N/A       N/A         1

Dungeon Overview and Level Annotations

Branches:
Dungeon (10/15)            Temple (1/1) D:5           Sewer (visited)
   Lair: D:8-11         Orc: D:9-12

Altars:
Ashenzari
Cheibriados
Dithmenos
Elyvilon
Fedhas
Gozag
Hepliaklqana
Kikubaaqudgha
Makhleb
Nemelex Xobeh
Okawaru
Qazlal
Ru
Sif Muna
Trog
Uskayaw
Vehumet
Wu Jian
Xom
Yredelemnul
Zin
The Shining One

Shops:
D:5 *   D:8 *


Innate Abilities, Weirdness & Mutations

You are immune to sickness and miasma.
Your stone body is resilient. (AC +8)
You are immune to poison.
You resist negative energy. (rN+)
You are resistant to electric shocks. (rElec)
You are resistant to unholy torment.
You are immune to petrification.


Message History

You feel much better.
You feel like a meek peon again.
The frost giant hits you but does no damage.
Unknown command.
Press: ? - help, v - describe, . - travel
Here: a frost giant, wielding a +1 battleaxe of freezing (moderately wounded) Some shallow water.
You feel very mighty all of a sudden.
The frost giant gestures at you while chanting.
The bolt of cold hits you! You resist.
Unknown command.
You hit the frost giant.
The frost giant is moderately wounded.
The frost giant hits you with a +1 battleaxe of freezing!
* * * LOW HITPOINT WARNING * * *
The frost giant freezes you.
* * * LOW HITPOINT WARNING * * *
Unknown command.
Okay, then.
Okay, then.
Aiming: Corrosive Bolt
Press: ? - help, Shift-Dir - straight line, f - frost giant
Aim: a frost giant, wielding a +1 battleaxe of freezing (moderately wounded, 98% to hit)
The bolt of acid hits the frost giant.
The acid corrodes the frost giant!
The frost giant is moderately wounded.
You block the frost giant's attack.
Unknown command.
You sock the frost giant!
The frost giant is heavily wounded.
The frost giant hits you but does no damage.
You bludgeon the frost giant!!
The frost giant is severely wounded.
The frost giant points at you and mumbles some strange words.
The bolt of cold hits you! You resist.
* * * LOW HITPOINT WARNING * * *
Unknown command.
You thump the frost giant!
The frost giant is almost dead.
The frost giant hits you with a +1 battleaxe of freezing!!
You die...

#≈≈≈≈≈≈≈≈≈≈≈≈≈≈≈≈≈≈≈≈≈≈≈
≈≈≈≈≈≈≈≈≈≈≈≈≈≈≈≈≈≈≈≈≈≈≈≈
#≈≈≈≈≈≈≈≈≈≈≈≈≈≈≈≈≈≈≈≈≈
#≈≈≈≈≈≈≈≈≈≈≈≈≈≈≈≈≈≈≈≈~
#≈≈≈≈≈≈≈≈≈≈≈≈≈≈≈≈≈≈≈≈≈
~≈#≈≈≈≈≈≈≈##≈≈≈≈≈≈≈≈≈≈≈≈
.~≈C≈≈≈≈≈≈≈#
#≈≈≈≈≈≈≈≈≈≈≈
.~≈≈≈##C~~≈# ≈≈≈≈≈≈≈≈≈≈≈
##≈≈≈ ##@~## ≈≈≈≈≈≈≈≈≈≈
##≈ #### ≈≈≈≈≈≈≈≈ #
≈≈≈≈≈≈≈≈ ≈≈≈≈≈≈≈ ≈≈≈≈≈≈≈
≈≈≈≈≈≈≈ ≈≈≈#≈~~ ≈≈###.#
≈≈ ##


You could see a frost giant (corroded).

Vanquished Creatures
  4 two-headed ogres
  Nergalle (D:10)
  An ugly thing (D:10)
  An ice statue (D:10)
  Maggie (D:10)
  3 shadows
  A wyvern (D:10)
  A vampire (D:10)
  A wraith (D:9)
  11 yaks
  A steam dragon (D:7)
  2 acid dragons
  Edmund (D:4)
  2 water moccasins
  10 ice beasts
  A sky beast (D:6)
  A black bear (D:8)
  2 ogres
  5 centaurs
  3 phantoms
  Blork the orc (D:4)
  3 bullfrogs
  2 kobold brigands
  6 scorpions
  16 killer bees
  8 electric eels (D:10)
  5 howler monkeys
  A crimson imp (D:9)
  A jelly (D:5)
  2 lava snakes (D:9)
  A gnoll bouda (D:7)
  6 orc priests
  3 hounds
  3 iguanas
  Ijyb (D:4)
  2 sleepcaps
  3 orc wizards (D:9)
  4 gnolls (D:7)
  4 river rats (Sewer)
  11 adders
  2 shadow imps
  3 white imps
  An ufetubus (D:5)
  5 worms
  3 dart slugs
  15 orcs
  19 ball pythons
  10 endoplasms
  5 giant cockroaches
  9 goblins
  10 hobgoblins
  7 jackals
  6 quokkas
  7 bats
  7 frilled lizards
  16 kobolds
  29 rats
290 creatures vanquished.

Vanquished Creatures (others)
  An orc warrior (D:10)
1 creature vanquished.

Grand Total: 291 creatures vanquished

Notes
Turn   | Place    | Note
-------+----------+-------------------------------------------
     0 | D:1      | Nicoed the Gargoyle Fighter began the quest for the Orb.
     0 | D:1      | Reached XP level 1. HP: 14/14 MP: 1/1
    84 | D:1      | Reached XP level 2. HP: 12/19 MP: 2/2
   494 | D:1      | Reached XP level 3. HP: 23/23 MP: 3/3
  1168 | D:2      | Found a faded altar of an unknown god.
  1261 | D:2      | Reached XP level 4. HP: 29/29 MP: 4/4
  1817 | D:3      | Noticed an ogre
  1832 | D:3      | Killed an ogre
  1833 | D:3      | Reached skill level 4 in Maces & Flails
  1833 | D:3      | Reached XP level 5. HP: 6/33 MP: 0/5
  2423 | D:4      | You fall into a shaft and drop 2 floors!
  2447 | D:6      | Noticed an ice beast
  2522 | D:5      | Entered Level 5 of the Dungeon
  2528 | D:5      | Reached skill level 5 in Maces & Flails
  2528 | D:5      | Reached XP level 6. HP: 32/38 MP: 4/6
  2560 | D:5      | Found Xuneir's Assorted Antiques.
  2563 | D:5      | Bought a scroll labelled VILIWN MUNOCI for 28 gold pieces
  2563 | D:5      | Bought a scroll labelled COENWO GAMN for 28 gold pieces
  2563 | D:5      | Bought a scroll labelled KEMUME UTIDO for 28 gold pieces
  2578 | D:5      | Found a basalt altar of Yredelemnul.
  2589 | D:5      | Found a staircase to the Ecumenical Temple.
  2596 | D:5      | Noticed Edmund
  2636 | D:4      | Killed Edmund
  2637 | D:4      | Reached skill level 6 in Maces & Flails
  2661 | D:4      | Identified a scroll of acquirement
  2661 | D:4      | Acquired the +2 pair of boots "Momikh" {rF+}
  2687 | D:4      | Found an ornate altar of the Wu Jian Council.
  2775 | D:4      | Reached XP level 7. HP: 43/43 MP: 7/7
  2823 | D:4      | Found a glowing drain.
  2855 | Sewer    | Entered a sewer
  3068 | Sewer    | Reached skill level 7 in Maces & Flails
  3272 | D:4      | Identified the +10 falchion of Recklessness {freeze, rF+
                  | rC+ Dex+2}
  3272 | D:4      | Noticed Blork the orc
  3282 | D:4      | Killed Blork the orc
  3283 | D:4      | Reached skill level 8 in Maces & Flails
  3307 | D:4      | Found a snail-covered altar of Cheibriados.
  3433 | D:4      | Noticed Ijyb
  3444 | D:4      | Killed Ijyb
  3445 | D:4      | Reached XP level 8. HP: 48/48 MP: 8/8
  3613 | Temple   | Entered the Ecumenical Temple
  3809 | Temple   | Became a worshipper of Warmaster Okawaru
  3881 | D:5      | Found an opulent altar of Gozag.
  4189 | D:5      | Reached skill level 9 in Maces & Flails
  4273 | D:5      | Found a sparkling altar of Nemelex Xobeh.
  4511 | D:6      | Reached * piety under Okawaru
  4801 | D:6      | Reached skill level 10 in Maces & Flails
  5002 | D:7      | Reached ** piety under Okawaru
  5003 | D:7      | Reached XP level 9. HP: 45/52 MP: 9/9
  5090 | D:7      | Found an ancient bone altar of Kikubaaqudgha.
  5141 | D:7      | Reached skill level 11 in Maces & Flails
  5686 | D:7      | Reached skill level 12 in Maces & Flails
  6138 | D:8      | Found a bloodstained altar of Trog.
  6161 | D:8      | Reached *** piety under Okawaru
  6162 | D:8      | Reached skill level 13 in Maces & Flails
  6252 | D:8      | Reached XP level 10. HP: 41/56 MP: 7/10
  6387 | D:8      | Found Coydgheve's CLEARANCE SALE!.
  6402 | D:8      | Bought the +6 flail of Diet Blood {heavy, Dex+3} for 297
                  | gold pieces
  6433 | D:8      | Noticed a two-headed ogre
  6442 | D:8      | Killed a two-headed ogre
  6765 | D:9      | Reached skill level 14 in Maces & Flails
  7364 | D:9      | Found a shadowy altar of Dithmenos.
  7364 | D:9      | Found a blossoming altar of Fedhas.
  7734 | D:10     | Entered Level 10 of the Dungeon
  7743 | D:10     | Identified the +2 sling of Eternal Harmony {freeze, rElec
                  | rC- rN+ Str+3}
  7746 | D:10     | Noticed Maggie
  7755 | D:10     | Killed Maggie
  7755 | D:10     | Reached **** piety under Okawaru
  7756 | D:10     | Reached skill level 15 in Maces & Flails
  7800 | D:10     | Noticed a two-headed ogre
  7808 | D:10     | Noticed Nergalle
  7809 | D:10     | Killed a two-headed ogre
  7812 | D:10     | Noticed a white ugly thing
  7826 | D:10     | Reached XP level 11. HP: 53/61 MP: 1/11
  7829 | D:10     | Killed a white ugly thing
  7830 | D:10     | Reached skill level 16 in Maces & Flails
  7840 | D:10     | Killed Nergalle
  8030 | D:10     | Reached ***** piety under Okawaru
  8033 | D:10     | Noticed a two-headed ogre
  8063 | D:10     | Killed a two-headed ogre
  8066 | D:10     | Noticed a two-headed ogre
  8072 | D:10     | Reached skill level 17 in Maces & Flails
  8215 | D:10     | Found a radiant altar of Vehumet.
  8325 | D:10     | Found a shimmering altar of Xom.
  8383 | D:10     | Killed a two-headed ogre
  9018 | D:10     | Noticed a frost giant
  9037 | D:10     | HP: 3/61 [frost giant/bolt of cold (15)]
  9038 | D:10     | Demolished by a frost giant

Illustrated notes

Levels and vault maps discovered:
D:1:      heliophobic_arrival_enchanted_forest, layout_loops_ring
D:2:      layout_basic, shapermc_ecumenical_altar_starsandcircs
D:3:      minmay_evil_eye, layout_basic
D:4:      layout_rooms, slow_altar_1, nzn_wu_jian_contemplation,
          gup_sewer_entry_pipe, uniq_blork_the_orc, uniq_ijyb
D:5:      layout_loops_ring, nicolae_gozag_cash_rules_everything_around_me,
          general_overflow_altar, nemelex_xobeh_ov_fountains_minmay,
          minmay_temple_entry_tees, serial_shops, nicolae_shop_window_shopping,
          uniq_edmund
D:6:      layout_basic, grunt_ministairs_12
D:7:      layout_gridville, kiku_gazebo_pond_becter
D:8:      layout_cave_pools, trog_three_pillars_becter, nicolae_shop_clearance
D:9:      lemuel_ice_spiral_2, layout_irregular_city,
          nicolae_overflow_two_pavilions, minmay_fire_ice_demons
D:10:     minmay_twisted_water, layout_stronghold, nicolae_vehumet_altar_sigil,
          xom_confusion_cloud, uniq_nergalle, uniq_maggie
Temple:   grunt_temple_mini_profane

Skill      XL: |  1  2  3  4  5  6  7  8  9 10 11 |
---------------+----------------------------------+-----
Shields        | 4 |  4.0
Armour         | 4 |  4.0
Fighting       | 4 |  4.0
Maces & Flails | 4 5 6 8 10 13 15 17 | 17.8

Action                     |  1- 3 |  4- 6 |  7- 9 | 10-12 || total
---------------------------+-------+-------+-------+-------++-------
  Melee: Flail             |   122 |     4 |    87 |   234 ||   447
         Whip              |       |   161 |   196 |       ||   357
         Falchion          |       |       |   141 |       ||   141
 Invoke: Heroism           |       |       |     1 |     3 ||     4
         Finesse           |       |       |       |     1 ||     1
  Evoke: Wand              |       |       |       |    11 ||    11
    Use: Scroll            |       |     9 |     5 |     6 ||    20
         Potion            |       |     1 |     1 |    11 ||    13
 Armour: Scale mail        |    20 |       |       |       ||    20
         Chain mail        |    58 |    77 |   524 |   241 ||   900
         Skin              |       |    25 |       |     1 ||    26
  Dodge: Dodged            |    45 |    64 |   257 |   121 ||   487
  Block: Buckler           |    24 |    34 |   158 |    88 ||   304
